 Dungeon Crawl Stone Soup version 0.23-a0-673-g3803c42f16 (webtiles) character file.

504 LLavrengius the Sneak (level 7, 0/46 HPs)
             Began as an Octopode Fighter on Jan 9, 2019.
             Was a Believer of Dithmenos.
             Killed from afar by an orc wizard (8 damage)
             ... with a puff of flame
             ... on level 4 of the Dungeon.
             The game lasted 00:06:26 (3230 turns).

LLavrengius the Sneak (Octopode Fighter)            Turns: 3230, Time: 00:06:27

Health: 0/46       AC:  2    Str: 15    XL:     7   Next: 17%
Magic:  7/7        EV: 12    Int: 11    God:    Dithmenos [**....]
Gold:   253        SH:  9    Dex: 16    Spells: 6/6 levels left

rFire    . . .     SeeInvis .   m - +2 dagger (drain)
rCold    . . .     Gourm    .   b - +0 shield
rNeg     . . .     Faith    .   (helmet restricted)
rPois    .         Spirit   .   (no amulet)
rElec    .         Reflect  .   s - +3 ring of dexterity
rCorr    .         Harm     .   u - +1 ring of protection
MR       .....                  (no ring)
Stlth    ++++++....             (no ring)
HPRegen  0.15/turn              (no ring)
MPRegen  0.10/turn              (no ring)
                                (no ring)
                                (no ring)

@: wreathed by umbra
A: almost no armour, stealthy swim, amphibious, 8 rings, constrict 8, camouflage
1, gelatinous body 1
a: Shadow Step, Renounce Religion


You were on level 4 of the Dungeon.
You worshipped Dithmenos.
Dithmenos was pleased with you.
You were not hungry.

You visited 1 branch of the dungeon, and saw 4 of its levels.

You collected 253 gold pieces.

Inventory:

Hand Weapons
 a - a +0 rapier
 m - a +2 dagger of draining (weapon)
 n - a +1 falchion of holy wrath
 t - a +7 club
Armour
 b - a +0 shield (worn)
Jewellery
 h - an uncursed ring of ice
 s - a +3 ring of dexterity (left tentacle)
 u - a +1 ring of protection (right tentacle)
Wands
 q - a wand of digging (2)
Scrolls
 e - a scroll of remove curse
 j - 4 scrolls of teleportation
 l - 3 scrolls of identify {unknown}
 o - 2 scrolls of magic mapping {unknown}
 y - a scroll of random uselessness {unknown}
 A - a scroll of noise {unknown}
Potions
 c - 2 potions of might
 f - a potion of lignification {unknown}
 g - a potion of heal wounds {unknown}
 i - a potion of haste {unknown}
 k - 3 potions of curing
 p - a potion of resistance {unknown}
 r - a potion of mutation {unknown}
 v - a potion of magic {unknown}
 w - a potion of brilliance {unknown}
 x - 2 potions of flight {unknown}
 B - a potion of berserk rage {unknown}
Comestibles
 d - 12 rations
 z - 5 chunks of flesh


   Skills:
 - Level 3.0 Fighting
 + Level 5.5 Short Blades
 - Level 3.0 Dodging
 + Level 7.2 Stealth
 - Level 3.0 Shields


You had 6 spell levels left.
You didn't know any spells.
Your spell library was empty.

Dungeon Overview and Level Annotations

Branches:
Dungeon (4/15)             Temple (0/1) D:4

Altars:
Dithmenos
Hepliaklqana
Nemelex Xobeh
Okawaru
Ru
Trog
Uskayaw


Innate Abilities, Weirdness & Mutations

You cannot wear most types of armour.
You are very stealthy in the water. (Stealth+)
You are amphibious.
You can wear up to eight rings at the same time.
You can use your tentacles to constrict eight enemies at once.
Your skin changes colour to match your surroundings (Stealth+).
Your rubbery body absorbs attacks. (AC +1, EV +1)


Message History

You kill the leopard gecko!
Dithmenos accepts your kill. The orc completely misses you.
Something hits you but does no damage.
You closely miss the orc. Your grab misses the orc. You block the orc's attack.
You hit the orc. You grab the orc.
The orc is almost dead.
You constrict the orc.
You kill the orc!
Dithmenos accepts your kill. Something hits you.
* * * LOW HITPOINT WARNING * * *
You barely miss something. Your squeeze misses something.
Something hits you but does no damage.
You hit something. Something hits you.
* * * LOW HITPOINT WARNING * * *
You closely miss something. Your squeeze misses something.
You hear some strange, mumbled words.
A puff of flame appears from out of thin air!
The puff of flame hits you!
You die...

#.#. .. #.#.#####.#
#### #.........###
#####...
#..........##....#...
+....................
#..........# ..#...
#..{†).....# #...
#..)@).....# ##.#
#..........# ##...
#..........# ##....
#..........# ###.....
#..........# #....._.
#..........###.#.....
#........).....##....
#....$..........##...
##....?...#......##.#


There were no monsters in sight!

Vanquished Creatures
  An ogre (D:4)
  4 orc wizards (D:4)
  A centaur skeleton (D:4)
  Terence (D:3)
  Ijyb (D:3)
  2 worker ants (D:4)
  3 gnolls (D:2)
  7 adders
  An ooze (D:3)
  2 worms
  2 dart slugs (D:2)
  7 leopard geckos
  5 orcs
  3 giant cockroaches
  6 goblins
  5 hobgoblins
  3 jackals (D:2)
  3 quokkas
  A ball python (D:3)
  3 bats
  2 frilled lizards
  14 kobolds
  6 rats
83 creatures vanquished.

Notes
Turn   | Place    | Note
-------+----------+-------------------------------------------
     0 | D:1      | LLavrengius the Octopode Fighter began the quest for the
                  | Orb.
     0 | D:1      | Reached XP level 1. HP: 16/16 MP: 1/1
    94 | D:1      | Reached skill level 1 in Stealth
   313 | D:1      | Reached XP level 2. HP: 21/21 MP: 2/2
   612 | D:2      | Reached skill level 2 in Stealth
   842 | D:2      | Reached XP level 3. HP: 21/26 MP: 3/3
   958 | D:2      | Reached skill level 3 in Stealth
  1186 | D:2      | Reached XP level 4. HP: 25/31 MP: 4/4
  1266 | D:2      | Found a faded altar of an unknown god.
  1446 | D:2      | Reached skill level 4 in Stealth
  1469 | D:2      | Reached XP level 5. HP: 16/36 MP: 5/5
  1904 | D:2      | Found a sacrificial altar of Ru.
  2023 | D:2      | Became a worshipper of Dithmenos the Shadowed
  2023 | D:2      | Reached * piety under Dithmenos
  2102 | D:3      | Found an iron altar of Okawaru.
  2107 | D:3      | Found a bloodstained altar of Trog.
  2229 | D:3      | Noticed Ijyb
  2244 | D:3      | Killed Ijyb
  2422 | D:3      | Noticed Terence
  2434 | D:3      | Killed Terence
  2434 | D:3      | Reached skill level 5 in Stealth
  2546 | D:3      | Found a hazy altar of Hepliaklqana.
  2546 | D:3      | Found a hide-covered altar of Uskayaw.
  2947 | D:4      | Reached XP level 6. HP: 42/42 MP: 6/6
  2970 | D:4      | Found a staircase to the Ecumenical Temple.
  3004 | D:4      | Reached skill level 6 in Stealth
  3013 | D:4      | Reached ** piety under Dithmenos
  3018 | D:4      | Reached skill level 5 in Short Blades
  3035 | D:4      | Reached XP level 7. HP: 26/46 MP: 7/7
  3180 | D:4      | Found a sparkling altar of Nemelex Xobeh.
  3220 | D:4      | Reached skill level 7 in Stealth
  3230 | D:4      | Killed from afar by an orc wizard

Vault maps used:
D:1:      dpeg_arrival_solitude, minmay_misc_feat_tower
D:2:      nicolae_ru_path_of_blood, chequers_ecumenical_altar_simple_redux
D:3:      nicolae_overflow_hidden_temple, amethyst_overflow_temple_binary,
          first_ration, uniq_terence, uniq_ijyb
D:4:      nicolae_overflow_crystal_walls, lemuel_round_altar,
          minmay_temple_entry_purple_smoke

Skill      XL: |  1  2  3  4  5  6  7 |
---------------+----------------------+-----
Stealth        | 1 2 3 4 5 6 7 |  7.2
Short Blades   | 3 4 5 |  5.5
Fighting       | |  3.0
Dodging        | |  3.0
Shields        | |  3.0

Action                   |  1- 3 |  4- 6 |  7- 9 || total
-------------------------+-------+-------+-------++-------
Melee: Rapier            |    37 |       |       ||    37
       Constrict         |    14 |    22 |     4 ||    40
       Tentacles         |     5 |    22 |     1 ||    28
       Dagger            |     7 |   114 |    20 ||   141
  Use: Scroll            |       |     2 |       ||     2
 Stab: Sleeping          |     5 |    12 |     1 ||    18
  Eat: Chunk             |       |     6 |     1 ||     7
Armor: Skin              |     2 |     4 |     5 ||    11
Dodge: Dodged            |    10 |    32 |    10 ||    52
Block: Shield            |    11 |    31 |     9 ||    51

Table legend:
 A = Non-vault XP
 B = Vault XP
 C = Vault XP percentage of total XP
 D = Non-vault monster count
 E = Vault monster count
 F = Vault count percentage of total count
                 A         B        C        D         E       F
            +---------+---------+-------+---------+---------+-------
      Total |     652 |      69 |   9.6 |      81 |       2 |   2.4
            +---------+---------+-------+---------+---------+-------
        D:1 |      18 |       0 |   0.0 |      12 |       0 |   0.0
        D:2 |     160 |       0 |   0.0 |      35 |       0 |   0.0
        D:3 |      43 |      69 |  61.6 |      15 |       2 |  11.8
        D:4 |     431 |       0 |   0.0 |      19 |       0 |   0.0
            +---------+---------+-------+---------+---------+-------
